AoeStats
← vthebarber

African Clearing

506466561Analyzed
2v2 RM · 17d ago on Sep 13, 2026· 40m 47s· 4 players
Game mode
Random Map
Map size
Medium (4 player)
Population
200
Speed
Normal
Resources
Standard
Victory
Conquest
Starting age
Dark Age
Ending age
Imperial Age
RankedLock teamsTeams togetherTeam positionsShared explorationLock speedFull tech treeHidden civsTurbo modeCheats
Victory
Defeat
🇦🇷 Tupi · Argentina
1090
+15
🇦🇷 Burgundians · Argentina
1089
+15
🇪🇸 Spanish · Spain
1095
-16
🇪🇸 Cumans · Spain
1042
-14
vthebarber
6:08 Loom
13:26 Feudal Age
19:13 Castle Age
17:48 Stone Mining
22:56 Wheelbarrow
24:27 Bloodlines
25:58 Scale Barding Armor
29:25 Hand Cart
38:52 Pikeman
jaimelugu8
13:05 Feudal Age
14:06 Loom
14:53 Town Watch
17:26 Castle Age
16:01 Stone Mining
24:19 Scale Barding Armor
32:31 Bloodlines
33:17 Husbandry
AnS
9:33 Loom
12:25 Feudal Age
16:57 Castle Age
16:00 Double-Bit Axe
19:07 Fletching
23:44 Bodkin Arrow
34:20 Padded Archer Armor
37:35 Leather Archer Armor
38:47 Ballistics
dinio
8:34 Loom
14:18 Feudal Age
18:28 Castle Age
18:35 Scale Barding Armor
18:40 Double-Bit Axe
19:20 Husbandry
19:41 Cavalier
21:55 Horse Collar
29:52 Chain Barding Armor
38:52 Forging
39:21 Wheelbarrow
Connection lost

Rejoining the realm…

Still unreachable

The connection could not be restored.

Session expired

The server has moved on; the page needs a fresh start.